cohdb
Replays
Latest Replays
All Replays
Popular Replays
Top Player Replays
Match Explorer
How It Works
Community
CoH3 Stats
Reddit
Sign in to upload your games and track your stats! →
Sign in with Steam
Match 45446395
Unlisted
Match 45446395
Overview
Messages
Build Orders
End
Construct Weapon Support Center
Scout Squad
M1919 Machine Gun Team
Selects Special Operations Battlegroup
M1919 Machine Gun Team
Bazooka Squad
Sniper
Bazooka Squad
Mechanized Support Center
Construct Motor Pool
Selects Raiding Flares
Raiding Flares
M8 Greyhound Armored Car
Improved M9 Bazooka Rockets
Selects SSF Commando Squad
SSF Commando Squad
M24 Chaffee Light Tank
SSF Commando Squad
Raiding Flares
Generick
BlackJackKing
Rodey
HelpingHans
Rolling9Deep
SoldMyDad
0
0
Comments
sign in to comment!
No comments posted yet!